 Dungeon Crawl Stone Soup version 0.24.0-125-gc4c63601f3 (webtiles) character file.

Game seed: 2899325455714167757, levelgen mode: deterministic

7060 Divind the Carver (level 10, -5/79 HPs)
             Began as a Demonspawn Berserker on Mar 4, 2020.
             Was a High Priest of Trog.
             Slain by a yak (7 damage)
             ... on level 11 of the Dungeon.
             The game lasted 00:43:31 (9623 turns).

Divind the Carver (Demonspawn Berserker)            Turns: 9623, Time: 00:43:31

Health: -5/79      AC: 17    Str: 20    XL:     10   Next: 83%
Magic:  3/3        EV:  7    Int:  8    God:    Trog [*****.]
Gold:   347        SH:  6    Dex: 12    Spells: 9/9 levels left

rFire    + + .     SeeInvis .   v - +1 double sword (antimagic)
rCold    . . .     Gourm    .   g - +1 buckler
rNeg     . . .     Faith    .   n - +1 plate armour
rPois    +         Spirit   .   (no helmet)
rElec    .         Reflect  .   (no cloak)
rCorr    +         Harm     .   (gloves unavailable)
MR       .....     Clarity  +   (no boots)
Stlth    ..........             (no amulet)
HPRegen  0.23/turn              m - ring of resist corrosion
MPRegen  0.08/turn              y - ring of protection from fire

@: starving
A: claws 3, slimy green scales 2, blink, clarity, clumsy 1, demonic guardian 1,
fire resistance 1, poison resistance, powered by death 1
a: Blink, Berserk, Trog's Hand, Brothers in Arms, Renounce Religion


You were on level 11 of the Dungeon.
You worshipped Trog.
Trog was extremely pleased with you.
You were starving.

You visited 2 branches of the dungeon, and saw 12 of its levels.
You also visited: Sewer.

You collected 539 gold pieces.
You spent 192 gold pieces at shops.

Inventory:

Hand Weapons
 a - a +0 falchion
 v - a +1 antimagic double sword (weapon)
 x - a +0 long sword
 z - a +3 flail of draining
 A - a +0 fustibalus of freezing
Armour
 b - a +0 animal skin
 f - a +0 ring mail
 g - a +1 buckler (worn)
 k - a +1 pair of gloves
 n - a +1 plate armour (worn)
 D - the +1 leather armour of the Pit {Regen+ Stlth+}
   (You found it on level 7 of the Dungeon)

   It increases your rate of regeneration.
   It makes you more stealthy.
Jewellery
 m - a ring of resist corrosion (left claw)
 y - a ring of protection from fire (right claw)
Wands
 c - a wand of random effects (17)
 u - a wand of iceblast (10)
 E - a wand of polymorph (5)
Scrolls
 d - 4 scrolls of remove curse
 e - 9 scrolls of identify
 i - 2 scrolls of fog
 o - a scroll of noise {unknown}
 r - 3 scrolls of teleportation
 t - a scroll of blinking {unknown}
 C - a scroll of immolation {unknown}
 F - a scroll of enchant weapon {unknown}
Potions
 h - 3 potions of agility
 j - 2 potions of degeneration
 l - a potion of might
 p - 3 potions of haste
 s - 3 potions of flight
 B - a potion of curing
Miscellaneous
 q - a sack of spiders
Comestibles
 w - 2 rations


   Skills:
 + Level 7.6 Fighting
 + Level 10.1 Long Blades
 + Level 1.2 Maces & Flails
 + Level 7.2 Armour
 + Level 3.1 Dodging
 + Level 2.5 Stealth
 + Level 5.5 Shields


You had 9 spell levels left.
You didn't know any spells.
Your spell library contained the following spells:

 Spells                   Type           Power        Failure   Level  Hunger
 Animate Skeleton         Necr           N/A          100%        1    ##.....
 Apportation              Tloc           #.....       100%        1    ##.....
 Confusing Touch          Hex            #.....       100%        1    ##.....
 Magic Dart               Conj           #...         100%        1    ##.....
 Summon Small Mammal      Summ           #...         100%        1    ##.....
 Blink                    Tloc           N/A          100%        2    ###....
 Call Imp                 Summ           #.......     100%        2    ###....
 Slow                     Hex            #.......     100%        2    ###....
 Conjure Flame            Conj/Fire      #.......     100%        3    ####...
 Mephitic Cloud           Conj/Pois/Air  #.......     100%        3    ####...


Dungeon Overview and Level Annotations

Branches:
Dungeon (11/15)            Temple (0/1) D:6            Lair (0/6) D:9
    Orc (1/2) D:9           Sewer (visited)

Altars:
Cheibriados
Fedhas
Kikubaaqudgha
Makhleb
Qazlal
Sif Muna
Uskayaw
Vehumet
Zin
The Shining One

Shops:
D:6 !


Innate Abilities, Weirdness & Mutations

You have claws for hands.
You are mostly covered in slimy green scales. (AC +3)
A weak demonic guardian rushes to your aid.
You regenerate a little health from kills.
You can translocate small distances at will.
You possess an exceptional clarity of mind.
You are clumsy. (Dex -2)
Your flesh is heat resistant. (rF+)
Your system is resistant to poisons. (rPois)


Message History

* * * LOW HITPOINT WARNING * * *
The yak gores you but does no damage. The yak barely misses you.
Something hits you but does no damage. The yak gores you but does no damage.
There is a stone staircase leading down here.
The yak gores you but does no damage. The yak barely misses you.
The yak gores you.
* * * LOW HITPOINT WARNING * * *
You climb downwards.
Reactivating autopickup. 3 kobolds come into view.
A kobold is wielding a +1 short sword of protection.
The kobold shouts! x3; You hear a shout!
There is a stone staircase leading up here.
Your deep troll goes berserk!
You are starving!
The yak gores you but does no damage. The yak gores you!
* * * LOW HITPOINT WARNING * * *
The yak gores you!
You die...

#. #K KK
#. #. ##
#. #.##
#.#Y..####
#Y@YT....+
#.#...####
#. #.## #.
## ##


You could see 3 yaks, 3 kobolds and a friendly deep troll (berserk).

Vanquished Creatures
  A hornet (D:7)
  Grinder (D:5)
  2 hippogriffs
  A yak (D:10)
  A human (D:8)
  4 hogs (D:8)
  A hungry ghost (D:9)
  Menkaure (D:5)
  A swamp worm (D:8)
  Duvessa (D:7)
  A water moccasin (D:9)
  Purgy (Sewer)
  2 ice beasts
  5 orc warriors
  3 phantoms
  4 ogres
  2 black bears
  4 centaurs
  A big kobold (D:4)
  A bullfrog (D:9)
  2 scorpions (D:9)
  9 killer bees
  2 troll zombies (D:9)
  5 howler monkeys
  A vampire bat (D:2)
  2 crimson imps
  2 jellies
  3 orc priests
  5 hounds
  Ijyb (D:5)
  10 orc wizards
  3 iguanas
  8 worker ants
  5 ogre zombies (D:9)
  2 howler monkey zombies
  A worker ant zombie (D:5)
  Robin (D:4)
  3 gnolls (D:5)
  2 howler monkey skeletons (D:4)
  12 adders
  A shadow imp (D:7)
  An ooze (D:5)
  5 worms
  A dart slug (D:3)
  7 leopard geckos
  35 orcs
  2 bat skeletons (D:2)
  4 bat zombies (D:2)
  10 giant cockroaches
  9 goblins
  11 hobgoblins
  11 jackals
  5 quokkas
  8 bats
  2 frilled lizards
  3 goblin zombies (D:9)
  A hobgoblin skeleton (D:9)
  4 hobgoblin zombies (D:9)
  29 kobolds
  A leopard gecko skeleton (D:4)
  A leopard gecko zombie (D:6)
  5 orc skeletons (D:9)
  9 orc zombies (D:9)
  A quokka skeleton (D:5)
  6 rats
  A plant (D:8)
290 creatures vanquished.

Vanquished Creatures (collateral kills)
  A troll (D:9)
  A hungry ghost (D:9)
  An ice beast (D:8)
  An orc warrior (D:8)
  A sky beast (D:6)
  A necrophage (D:5)
  2 ogres
  2 centaurs
  A big kobold (D:7)
  A bullfrog (D:7)
  Dowan (D:7)
  2 hounds (D:7)
  2 orc wizards
  A centaur skeleton (D:7)
  An ogre zombie (D:9)
  A worker ant zombie (D:5)
  An adder (D:5)
  A shadow imp (D:8)
  A leopard gecko (D:5)
  6 orcs
  7 kobolds
  2 goblin zombies (D:9)
  An orc zombie (D:9)
39 creatures vanquished.

Vanquished Creatures (others)
  2 plants (D:8)
2 creatures vanquished.

Grand Total: 331 creatures vanquished

Notes
Turn   | Place    | Note
-------+----------+-------------------------------------------
     0 | D:1      | Divind the Demonspawn Berserker began the quest for the
                  | Orb.
     0 | D:1      | Reached XP level 1. HP: 18/18 MP: 1/1
   256 | D:1      | Reached skill level 3 in Long Blades
   290 | D:1      | Gained mutation: You have sharp fingernails. [demonic
                  | ancestry]
   290 | D:1      | Reached XP level 2. HP: 24/24 MP: 2/2
   863 | D:2      | Gained mutation: You are partially covered in slimy green
                  | scales. (AC +2) [demonic ancestry]
   863 | D:2      | Reached XP level 3. HP: 15/29 MP: 3/3
   918 | D:2      | Found a shimmering blue altar of Sif Muna.
  1098 | D:2      | Reached ** piety under Trog
  1118 | D:2      | Found an ancient bone altar of Kikubaaqudgha.
  1121 | D:2      | Reached XP level 4. HP: 30/37 MP: 4/4
  1350 | D:2      | Found a hide-covered altar of Uskayaw.
  1509 | D:2      | Reached skill level 4 in Long Blades
  1796 | D:3      | Noticed a phantom
  1813 | D:2      | Reached XP level 5. HP: 42/42 MP: 5/5
  1877 | D:3      | Killed a phantom
  2246 | D:3      | Found a radiant altar of Vehumet.
  2547 | D:3      | Gained mutation: A weak demonic guardian rushes to your
                  | aid. [demonic ancestry]
  2547 | D:3      | Reached XP level 6. HP: 43/48 MP: 6/6
  2559 | D:3      | Found a glowing golden altar of the Shining One.
  2641 | D:4      | Noticed Robin
  2653 | D:4      | Reached *** piety under Trog
  2666 | D:4      | Killed Robin
  2666 | D:4      | Reached skill level 1 in Shields
  2698 | D:4      | Found a glowing drain.
  2745 | Sewer    | Entered a sewer
  2803 | Sewer    | HP: 2/48 [poisoned by a kobold]
  3091 | Sewer    | Noticed Purgy
  3105 | Sewer    | Killed Purgy
  3209 | D:4      | Gained mutation: You are clumsy. (Dex -2) [potion of
                  | mutation]
  3209 | D:4      | Gained mutation: Scrolls take you a little longer to read.
                  | [potion of mutation]
  3209 | D:4      | Gained mutation: Your flesh is cold resistant. (rC+)
                  | [potion of mutation]
  3289 | D:4      | Reached skill level 5 in Long Blades
  3553 | D:4      | Gained mutation: You have very sharp fingernails. [demonic
                  | ancestry]
  3553 | D:4      | Reached XP level 7. HP: 54/54 MP: 7/7
  3643 | D:4      | Reached **** piety under Trog
  4530 | D:5      | Entered Level 5 of the Dungeon
  4769 | D:4      | Reached skill level 6 in Long Blades
  4769 | D:4      | Reached skill level 1 in Stealth
  4931 | D:5      | Gained mutation: You are mostly covered in slimy green
                  | scales. (AC +3) [demonic ancestry]
  4931 | D:5      | Reached XP level 8. HP: 51/61 MP: 8/8
  5040 | D:5      | Reached skill level 5 in Fighting
  5059 | D:5      | Noticed Ijyb
  5082 | D:5      | Killed Ijyb
  5100 | D:5      | Noticed Grinder
  5122 | D:5      | Paralysed by Grinder for 4 turns
  5134 | D:5      | Killed Grinder
  5138 | D:5      | Noticed Menkaure
  5144 | D:5      | Killed Menkaure
  5227 | D:5      | Reached skill level 7 in Long Blades
  5396 | D:5      | Found a glowing silver altar of Zin.
  5508 | D:6      | Found Hifuk's Distillery.
  5508 | D:6      | Found a staircase to the Ecumenical Temple.
  5512 | D:6      | Bought a potion of mutation for 96 gold pieces
  5512 | D:6      | Bought a potion of mutation for 96 gold pieces
  5512 | D:6      | Lost mutation: Scrolls take you a little longer to read.
                  | [potion of mutation]
  5512 | D:6      | Gained mutation: Your muscles are strong. (Str +2) [potion
                  | of mutation]
  5512 | D:6      | Gained mutation: You have supernaturally acute eyesight.
                  | (SInv) [potion of mutation]
  5513 | D:6      | Lost mutation: You have supernaturally acute eyesight.
                  | (SInv) [potion of mutation]
  5513 | D:6      | Lost mutation: Your flesh is cold resistant. (rC+) [potion
                  | of mutation]
  5513 | D:6      | Lost mutation: Your muscles are strong. (Str +2) [potion of
                  | mutation]
  5513 | D:6      | Gained mutation: Your system is resistant to poisons.
                  | (rPois) [potion of mutation]
  5513 | D:6      | Gained mutation: You can translocate small distances at
                  | will. [potion of mutation]
  5513 | D:6      | Gained mutation: You possess an exceptional clarity of
                  | mind. [potion of mutation]
  5513 | D:6      | Gained mutation: Your flesh is heat resistant. (rF+)
                  | [potion of mutation]
  5535 | D:6      | Reached ***** piety under Trog
  5560 | D:6      | Gained mutation: You regenerate a little health from kills.
                  | [demonic ancestry]
  5560 | D:6      | Reached XP level 9. HP: 22/69 MP: 9/9
  5827 | D:6      | Received a gift from Trog
  6061 | D:6      | Found a stormy altar of Qazlal.
  6244 | D:7      | Reached skill level 5 in Armour
  6457 | D:7      | Reached skill level 8 in Long Blades
  6554 | D:7      | Reached skill level 1 in Maces & Flails
  6639 | D:7      | Got a translucent leather armour
  6650 | D:7      | Identified the +1 leather armour of the Pit {Regen+ Stlth+}
                  | (You found it on level 7 of the Dungeon)
  6673 | D:7      | Noticed Duvessa
  6674 | D:7      | Noticed Dowan
  6683 | D:7      | Killed Duvessa
  6700 | D:7      | Killed Dowan
  6909 | D:7      | Found a snail-covered altar of Cheibriados.
  7471 | D:8      | HP: 3/71 [orc warrior/cursed -3 halberd (10)]
  7488 | D:8      | Gained mutation: You have claws for hands. [demonic
                  | ancestry]
  7488 | D:8      | Reached XP level 10. HP: 49/77 MP: 10/10
  7568 | D:8      | Reached skill level 9 in Long Blades
  8044 | D:9      | Reached skill level 5 in Shields
  8064 | D:9      | Found a blossoming altar of Fedhas.
  8090 | D:9      | Found a staircase to the Orcish Mines.
  8163 | D:9      | Paralysed by fainting for 10 turns
  8173 | D:9      | Paralysed by fainting for 11 turns
  8350 | D:9      | Found a burning altar of Makhleb.
  8455 | Orc:1    | Entered Level 1 of the Orcish Mines
  8455 | Orc:1    | Noticed an orc knight
  8892 | D:9      | Received a gift from Trog
  9026 | D:9      | Found a staircase to the Lair.
  9119 | D:9      | Reached skill level 10 in Long Blades
  9601 | D:10     | Entered Level 10 of the Dungeon
  9623 | D:11     | HP: 2/79 [yak (7)]
  9623 | D:11     | Slain by a yak

Levels and vault maps discovered:
D:1:      dpeg_arrival_stonehenge_8_columns, layout_basic, minmay_misc_feat_room
D:2:      layout_basic, marbit_many_paths, nicolae_overflow_hidden_temple,
          kennysheep_vampire_church
D:3:      layout_rooms, nicolae_tso_swordbearing_angel, vehumet_crystals,
          first_ration, minmay_strange_pillars
D:4:      kennysheep_kobold_camp, layout_basic, cheibrodos_sewer_entry_bend,
          nrook_uturn, uniq_robin
D:5:      cheibrodos_quashed, layout_rooms, zin_treasury, uniq_ijyb,
          uniq_grinder, uniq_menkaure
D:6:      layout_basic, nicolae_qazlal_eye_of_the_storm,
          minmay_temple_entry_statues_pillars, serial_shops, shop
D:7:      minmay_angry_zag, layout_basic, cheibrodos_worm_habitat, uniq_duvessa
D:8:      layout_basic, special_room [special_room_orc], nicolae_wwwww,
          grunt_livestock, worms_lemuel
D:9:      layout_loops_corners, nicolae_overflow_crystal_walls,
          lightli_temple_of_fire, dpeg_oklobed_lair, zombieorc2_lemuel,
          minmay_fractal_squares_5
D:10:     cheibrodos_wizards_tower, layout_loops_ring
D:11:     layout_loops_corners
Orc:1:    layout_diamond_mine, mines4_lemuel

Skill      XL: |  1  2  3  4  5  6  7  8  9 10 |
---------------+-------------------------------+-----
Long Blades    | 3 4 5 6 7 8 10 | 10.1
Dodging        | 2 3 |  3.1
Armour         | 2 3 4 6 7 |  7.2
Fighting       | 4 5 6 7 |  7.6
Shields        | 1 2 3 4 5 |  5.5
Stealth        | 1 2 |  2.5
Maces & Flails | 1 |  1.2

Action                   |  1- 3 |  4- 6 |  7- 9 | 10-12 || total
-------------------------+-------+-------+-------+-------++-------
Melee: Falchion          |   125 |   361 |   235 |       ||   721
       Long sword        |       |       |   310 |   353 ||   663
       Flail             |       |       |    24 |       ||    24
       Double sword      |       |       |       |    60 ||    60
Invok: Berserk           |       |     2 |    10 |     5 ||    17
       Brothers in Arms  |       |       |     1 |     1 ||     2
       Trog's Hand       |       |       |     1 |       ||     1
  Use: Scroll            |       |    10 |     2 |       ||    12
       Potion            |       |     3 |     6 |       ||     9
 Stab: Distracted        |       |       |     8 |     3 ||    11
  Eat: Ration            |       |     3 |     5 |     6 ||    14
       Chunk             |       |     1 |     7 |       ||     8
Armor: Animal skin       |    16 |       |       |       ||    16
       Ring mail         |    66 |    37 |       |       ||   103
       Plate armour      |       |   254 |   451 |   274 ||   979
Dodge: Dodged            |    98 |   155 |   205 |   109 ||   567
Block: Buckler           |    14 |   114 |   175 |   103 ||   406
       Rpst.: Falchion   |    29 |    44 |    25 |       ||    98
       Long sword        |       |       |    37 |    27 ||    64
       Double sword      |       |       |       |     6 ||     6
